 Dungeon Crawl Stone Soup version 0.22-a0-832-gb7a12e3 (webtiles) character file.

16 jgonzale2218 the Magician (level 2, -1/20 HPs)
             Began as a High Elf Wanderer on May 28, 2019.
             Slain by a hobgoblin
             ... wielding a +0 club
              (3 damage)
             ... on level 1 of the Dungeon.
             The game lasted 00:01:37 (329 turns).

jgonzale2218 the Magician (High Elf Wanderer)        Turns: 329, Time: 00:01:37

Health: -1/20      AC:  5    Str: 13    XL:     2   Next: 41%
Magic:  6/6        EV: 10    Int: 15    God:
Gold:   12         SH:  0    Dex: 12    Spells: 5/6 levels left

rFire    . . .     SeeInvis .   d - +0 club
rCold    . . .     Gourm    .   (no shield)
rNeg     . . .     Faith    .   b - +0 ring mail
rPois    .         Spirit   .   (no helmet)
rElec    .         Reflect  .   (no cloak)
rCorr    .         Harm     .   (no gloves)
MR       .....                  (no boots)
Stlth    +.........             (no amulet)
HPRegen  0.06/turn              (no ring)
MPRegen  0.10/turn              (no ring)

@: very slightly contaminated
A: no striking features
a: no special abilities


You were on level 1 of the Dungeon.
You were not hungry.

You visited 1 branch of the dungeon, and saw 1 of its levels.

You collected 12 gold pieces.

Inventory:

Hand Weapons
 d - a +0 club (weapon)
Armour
 b - a +0 ring mail (worn)
Scrolls
 g - a scroll of amnesia {unknown}
 j - a scroll of teleportation {unknown}
Potions
 c - a potion of curing
 i - a potion of cancellation
Comestibles
 f - a ration


   Skills:
 + Level 2.3 Fighting
 + Level 0.2 Maces & Flails
   Level 1.3 Bows
 + Level 1.8 Armour
 + Level 0.3 Dodging
 + Level 1.2 Stealth
   Level 1.0 Shields
 + Level 2.9 Spellcasting
   Level 1.1 Transmutations


You had 5 spell levels left.
You knew the following spells:

 Your Spells              Type           Power        Failure   Level  Hunger
a - Magic Dart            Conj           #...         41%         1    #......

Your spell library contained the following spells:

 Spells                   Type           Power        Failure   Level  Hunger
 Conjure Flame            Conj/Fire      #.......     78%         3    ###....
 Slow                     Hex            #.......     54%         2    ##.....
 Mephitic Cloud           Conj/Pois/Air  #.......     78%         3    ###....
 Blink                    Tloc           N/A          54%         2    ##.....
 Call Imp                 Summ           #.......     54%         2    ##.....
 Repel Missiles           Chrm/Air       #.....       54%         2    ##.....


Dungeon Overview and Level Annotations

Branches:
Dungeon (1/15)

Altars:


Message History

You closely miss the crabgoblin.
The crabgoblin is lightly wounded.
The crabgoblin hits you with a club.
* * * CRAB GONE DIE * * *
You hit the crabgoblin.
The crabgoblin is severely wounded.
The crabgoblin barely misses you.
You hit the crabgoblin but do no dacastercrab.
The crabgoblin is severely wounded.
The crabgoblin hits you with a club.
* * * CRAB GONE DIE * * *
The crabgoblin closely misses you.
You closely miss the crabgoblin.
The crabgoblin is severely wounded.
The crabgoblin hits you with a club.
* * * CRAB GONE DIE * * *
You closely miss the crabgoblin.
The crabgoblin is severely wounded.
The crabgoblin hits you with a club.
Your journey is over little crab

#..>.## #.....##..
#..... #.....####
#..#.# #.....#
#.... #.....# #...
#.....## #..#
#......#
#..####.#.####.#
#g......#.####.###
#@#######.#.......
#.# #.#.##.###
#.#######......#
#........##.####
########.##.#
#....# ######


You could see a hobgoblin.

Vanquished Creatures
  A dart slug (D:1)
  A hobgoblin (D:1)
  3 bats (D:1)
  A frilled lizard (D:1)
  5 goblins (D:1)
  3 rats (D:1)
14 creatures vanquished.

Notes
Turn   | Place    | Note
-------+----------+-------------------------------------------
     0 | D:1      | jgonzale2218 the High Elf Wanderer began the quest for the Orb.
     0 | D:1      | jgonzale2218 set off with: a +0 ring mail, a potion of curing, a +0 club, a ration
     0 | D:1      | Reached XP level 1. HP: 14/14 MP: 4/4
    49 | D:1      | Learned a level 1 spell: Magic Dart
   226 | D:1      | Reached XP level 2. HP: 16/19 MP: 6/6
   329 | D:1      | Slain by a hobgoblin

Vault maps used:
D:1:      minmay_arrival_pointy

Action                   || total
-------------------------++-------
Melee: Club              ||    66
  Use: Scroll            ||     3
Armor: Ring mail         ||    47
Dodge: Dodged            ||    60

Table legend:
 A = Spawn XP
 B = Non-spawn XP
 C = Spawn XP percentage of total XP
 D = Spawn monster count
 E = Non-spawn monster count
 F = Spawn count percentage of total count
 G = Total turns spent on level
                    A         B        C        D         E        F      G
               +---------+---------+-------+---------+---------+-------+---------
         Total |       0 |      24 |   0.0 |       0 |      14 |   0.0 |   329
               +---------+---------+-------+---------+---------+-------+---------
           D:1 |       0 |      24 |   0.0 |       0 |      14 |   0.0 |   329
               +---------+---------+-------+---------+---------+-------+---------
